cohdb
Replays
Latest Replays
All Replays
Popular Replays
Top Player Replays
Match Explorer
How It Works
Community
CoH3 Stats
Reddit
Sign in to upload your games and track your stats! →
Sign in with Steam
Match 42363500
Unlisted
Match 42363500
Overview
Messages
Build Orders
End
Kettenkrad Recon Vehicle
Construct Infanterie Kompanie
Selects Terror Battlegroup
Grenadier Squad
MG 42 Machine Gun Team
Grenadier Squad
Infanterie Officer Quarters
Sniper
Construct Panzergrenadier Kompanie
Pak 40 Anti-tank Gun Team
Panzergrenadier Squad
Support Elements
Selects Contempt for the Weak
Selects Propaganda Leaflet Drop
StuG III G Assault Gun
Nebelwerfer 42 Rocket Launcher Team
Medical Bunker
StuG III G Assault Gun
Selects V1 Rocket Strike
Pioneer Squad
Propaganda Leaflet Drop
Nebelwerfer 42 Rocket Launcher Team
Pioneer Squad
StuG III G Assault Gun
Propaganda Leaflet Drop
StuG III G Assault Gun
StuG III G Assault Gun
StuG III G Assault Gun
KevinTDW
Clairvoyance
NEP_wilson_NEP
zxcv
0
0
Comments
sign in to comment!
No comments posted yet!